 Dungeon Crawl Stone Soup version 0.19.5 (webtiles) character file.

56 Scud the Skirmisher (level 3, 0/34 HPs)
             Began as a Hill Orc Monk on Mar 15, 2017.
             Slain by kraktruk's ghost (4 damage)
             ... on level 3 of the Dungeon.
             The game lasted 00:09:42 (1729 turns).

Scud the Skirmisher (Hill Orc Monk)                 Turns: 1729, Time: 00:09:42

Health: 0/34       AC:  4    Str: 16    XL:     3   Next: 95%
Magic:  3/3        EV: 13    Int: 12    God:
Gold:   116        SH:  0    Dex: 13    Spells: 0 memorised, 2 levels left

rFire  + . .     SeeInvis .     j - -1 quarterstaff (curse)
rCold  . . .     Gourm    .     b - +0 robe
rNeg   . . .     Faith    .     (shield currently unavailable)
rPois  .         Spirit   .     (no helmet)
rElec  .         Reflect  .     (no cloak)
rCorr  .         Harm     .     e - +1 pair of gloves
MR     .....                    (no boots)
Stlth  ++........               (no amulet)
                                (no ring)
                                h - +2 ring of intelligence

@: no status effects
A: blurry vision 1, fire resistance 1, strong 1
a: no special abilities


You were on level 3 of the Dungeon.
You were not hungry.

You visited 1 branch of the dungeon, and saw 3 of its levels.

You collected 116 gold pieces.

Inventory:

Hand Weapons
 a - a +1 spear
 j - a cursed -1 quarterstaff (weapon)
Armour
 b - a +0 robe (worn)
 e - a +1 pair of gloves (worn)
Jewellery
 h - a +2 ring of intelligence (left hand)
 i - an uncursed ring of protection from fire
Potions
 g - a potion of agility {unknown}
 l - a potion of might {unknown}
Comestibles
 c - 5 bread rations
 d - 2 fruits
 f - 2 meat rations


   Skills:
 + Level 4.3 Fighting
 + Level 4.0 Polearms
 + Level 0.3(2.0) Staves
 + Level 2.9 Dodging
 + Level 1.5 Stealth


You had 2 spell levels left.
You didn't know any spells.

Dungeon Overview and Level Annotations

Branches:
Dungeon (3/15)

Altars:

Annotations:
D:3 kraktruk's ghost, amateur GrGl


Innate Abilities, Weirdness & Mutations

Scrolls take you a little longer to read.
Your flesh is heat resistant. (rF+)
Your muscles are strong. (Str +2)


Message History

Kraktruk's ghost hits you!
You hit kraktruk's ghost but do no damage.
Kraktruk's ghost is lightly damaged.
Kraktruk's ghost barely misses you.
You hit kraktruk's ghost but do no damage.
Kraktruk's ghost is lightly damaged.
Kraktruk's ghost hits you but does no damage.
You barely miss kraktruk's ghost.
Kraktruk's ghost is lightly damaged.
Kraktruk's ghost hits you!
* * * LOW HITPOINT WARNING * * *
You closely miss kraktruk's ghost.
Kraktruk's ghost is lightly damaged.
Kraktruk's ghost screams, "You will never get the ORB!"
Kraktruk's ghost closely misses you. Kraktruk's ghost hits you.
* * * LOW HITPOINT WARNING * * *
You barely miss kraktruk's ghost.
Kraktruk's ghost is lightly damaged.
Kraktruk's ghost hits you.
You die...

### ..# #.#
#.# #W# #@#
# #.#
#####.#.#
......#$#
#.....#
########.#.#
.....[.<(..#
########.#.#
#.#...


You could see kraktruk's ghost.

Vanquished Creatures
  2 adders (D:2)
  4 leopard geckos
  2 bats (D:1)
  A giant cockroach (D:2)
  3 goblins
  3 hobgoblins
  4 jackals (D:1)
  6 kobolds
  3 frilled lizards
  4 rats
32 creatures vanquished.

Vanquished Creatures (others)
  A hobgoblin (D:1)
1 creature vanquished.

Grand Total: 33 creatures vanquished

Notes
Turn   | Place    | Note
-------+----------+-------------------------------------------
     0 | D:1      | Scud the Hill Orc Monk began the quest for the Orb.
     0 | D:1      | Reached XP level 1. HP: 19/19 MP: 1/1
   171 | D:1      | Reached XP level 2. HP: 15/27 MP: 2/2
   499 | D:1      | Gained mutation: Your flesh is heat resistant. (rF+) [potion of mutation]
   499 | D:1      | Gained mutation: Your muscles are strong. (Str +2) [potion of mutation]
   499 | D:1      | Gained mutation: Scrolls take you a little longer to read. [potion of mutation]
  1216 | D:2      | Reached XP level 3. HP: 32/33 MP: 3/3
  1713 | D:3      | Noticed kraktruk's ghost (amateur GrGl)
  1729 | D:3      | Slain by kraktruk's ghost

Skill      XL: |  1  2  3 |
---------------+----------+-----
Fighting       | 4 |  4.3
Polearms       | 4 |  4.0
Staves         | |  0.3
Dodging        | |  2.9
Stealth        | |  1.5

Action                   || total
-------------------------++-------
Melee: Spear             ||    97
       Quarterstaff      ||    27
  Use: Scroll            ||     7
       Potion            ||     1
 Stab: Sleeping          ||     1
       Distracted        ||     1
  Eat: Fruit             ||     2
       Chunk             ||     1
Armor: Robe              ||    24
Dodge: Dodged            ||   104
